 Dungeon Crawl Stone Soup version 0.31-a0-271-gb88eb75e06 (webtiles) character file.

Game seed: 5627425304365073146

28 cforsyth the Changeling (level 3, 0/29 HPs)
             Began as a Meteoran Shapeshifter on July 14, 2023.
             Slain by a bat (1 damage)
             ... on level 2 of the Dungeon.
             The game lasted 00:01:48 (371 turns).

cforsyth the Changeling (Meteoran Shapeshifter)      Turns: 371, Time: 00:01:49

Health: 0/29       AC:  2    Str: 19    XL:     3   Next: 50%
Magic:  4/4        EV: 12    Int:  9    God:
Gold:   21         SH:  0    Dex: 14    Spells: 2/2 levels left

rFire   . .          .
                       - Unarmed
rCold   . . .        (no shield)
rNeg    . . .        a - +0 animal skin
rPois   .            (helmet currently unavailable)
rElec   .            (cloak currently unavailable)
rCorr   .            (gloves currently unavailable)
SInv    .            (boots currently unavailable)
Will    .....        (no amulet)
Stlth   +            (no ring)
HPRegen 0.24/turn    (no ring)
MPRegen 0.09/turn

%: no passive effects
@: lethally poisoned (0 -> -1), beast-form, glowing
A: beast (slay +2), sense surroundings 1, otherworldly, glowing, explore regen
a: Begin Untransformation


You were on level 2 of the Dungeon.
You were a hulking beast.
You visited 1 branch of the dungeon, and saw 2 of its levels.

You collected 21 gold pieces.

Inventory:

Armour
 a - a +0 animal skin (worn)
Talismans
 c - a beast talisman
Scrolls
 d - a scroll of noise {unknown}
 f - 3 scrolls of teleportation {unknown}
 g - a scroll of enchant armour {unknown}
Potions
 b - a potion of lignification
 e - a potion of berserk rage {unknown}
 h - a potion of enlightenment {unknown}


   Skills:
 - Level 2.1 Fighting
 - Level 2.4 Dodging
 + Level 3.5 Unarmed Combat
 + Level 4.2 Shapeshifting


You had 2 spell levels left.
You didn't know any spells.
Your spell library was empty.

Dungeon Overview and Level Annotations

Branches:
Dungeon (2/15) Zot: 831

Altars:


Innate Abilities, Weirdness & Mutations

You are a hulking beast.
Your limbs bulge with bestial killing power. (Slay +2)
You passively map a small area around you.
You are easily found by Zot.
You glow in the dark.
You regain HP and MP as you explore.


Message History

You kill the rat!
The bat barely misses you. The adder barely misses you. x2
You see here a scroll labelled GEHIEVVUDE.
You hit the adder.
The adder is lightly wounded.
The bat hits you but does no damage. The adder bites you.
You are poisoned.
The adder poisons you!
You barely miss the adder. You punch the adder.
The adder is heavily wounded.
You feel sick. The adder bites you.
You are lethally poisoned!
The adder poisons you! The bat closely misses you.
You hit the adder.
You kill the adder!
* * * LOW HITPOINT WARNING * * *
You feel sick. The bat hits you but does no damage.
* * * LOW HITPOINT WARNING * * *
You feel sick. The bat barely misses you.
You see here an adder corpse.
You closely miss the bat.
* * * LOW HITPOINT WARNING * * *
You feel sick. The bat hits you but does no damage.
Unknown command.
You closely miss the bat.
* * * LOW HITPOINT WARNING * * *
You feel sick. The bat barely misses you. The bat hits you but does no damage.
Unknown command.
You hit the bat but do no damage.
* * * LOW HITPOINT WARNING * * *
You feel sick. The bat barely misses you. x2
You barely miss the bat.
* * * LOW HITPOINT WARNING * * *
You feel sick. The bat misses you. The bat hits you.
* * * LOW HITPOINT WARNING * * *
You closely miss the bat.
* * * LOW HITPOINT WARNING * * *
You feel sick. The bat hits you.
You die...

#....##
#.....##
#####..#
##.### #...#
###.###
#...###
###.†?#######
#...bh.:.....
,
#.####.######
* * #! ... *
# #...# *
#...# * *
#..#* * * *
.... * , , *
#.# * *


You could see a bat.

Vanquished Creatures
  An adder (D:2)
  A worm (D:2)
  2 giant cockroaches (D:1)
  2 hobgoblins (D:1)
  A quokka (D:2)
  2 bats (D:1)
  3 frilled lizards (D:1)
  2 goblins
  4 rats
18 creatures vanquished.

Notes
Turn   | Place    | Note
-------+----------+-------------------------------------------
     0 | D:1      | cforsyth the Meteoran Shapeshifter began the quest for the
                  | Orb.
     0 | D:1      | Reached XP level 1. HP: 17/17 MP: 2/2
    86 | D:1      | Reached XP level 2. HP: 24/24 MP: 3/3
   320 | D:2      | Reached skill level 4 in Shapeshifting
   332 | D:2      | Found a faded altar of an unknown god.
   339 | D:2      | Reached XP level 3. HP: 2/29 MP: 4/4
   371 | D:2      | HP: 1/29 [poisoned by an adder]
   371 | D:2      | Slain by a bat

Illustrated notes

Levels and vault maps discovered:
D:1:      amcnicky_arrival_underground_garden, layout_loops_ring, minivault_19
D:2:      layout_basic, ebering_ecumenical_altar_abandoned, serial_bayou_pond_a

Skill      XL: |  1  2 |
---------------+-------+-----
Unarmed Combat | 3 |  3.5
Shapeshifting  | 4 |  4.2
Fighting       | |  2.1
Dodging        | |  2.4

Action                     || total
---------------------------++-------
  Melee: Unarmed           ||    49
         Punch             ||     2
 Armour: Animal skin       ||    21
  Dodge: Dodged            ||    23

Table legend: (Time is in decaauts)
 A = Elapsed time spent in this place.
 B = Non-inter-level travel time spent in this place.
 C = Inter-level travel time spent in this place.
 D = Time resting spent in this place.
 E = Time spent auto-exploring this place.
 F = Levels seen in this place.
 G = Mean time per level.
                   A        B        C        D        E       F      G
               +--------+--------+--------+--------+--------+-----+--------+
         Total |    367 |    367 |      0 |      0 |      0 |   2 |  183.5 |
       Dungeon |    367 |    367 |      0 |      0 |      0 |   2 |  183.5 |
               +--------+--------+--------+--------+--------+-----+--------+

Top non-repeatable levels by time:
     D:1: 253 daAuts
     D:2: 114 daAuts
